 Dungeon Crawl Stone Soup version 0.30-a0-711-gf4ac18a38d (webtiles) character file.

Game seed: 8034450419531934139

79 tilp the Covered (level 4, 0/39 HPs)
             Began as a Meteoran Fighter on Jan 22, 2023.
             Slain by a gnoll
             ... wielding a +0 halberd
              (11 damage)
             ... on level 3 of the Dungeon.
             The game lasted 00:02:54 (573 turns).

tilp the Covered (Meteoran Fighter)                  Turns: 573, Time: 00:02:54

Health: 0/39       AC: 11    Str: 17    XL:     4   Next: 96%
Magic:  5/5        EV:  7    Int:  9    God:
Gold:   94         SH:  5    Dex: 16    Spells: 3/3 levels left

rFire   . . .      SeeInvis .    a - +9 hand axe "Giantbane" {freeze, rElec Stlth+}
rCold   . . .      Faith    .    c - +0 buckler
rNeg    . . .      Spirit   .    p - +0 chain mail
rPois   .          Reflect  .    k - +0 helmet
rElec   +          Harm     .    (no cloak)
rCorr   .          Rampage  .    (no gloves)
Will    +....                    m - +0 pair of boots Stlth
                                 (no amulet)
HPRegen 0.26/turn                f - ring of willpower
MPRegen 0.09/turn                (no ring)

@: mighty, glowing
A: sense surroundings 1, otherworldly, glowing, explore regen
a: no special abilities


You were on level 3 of the Dungeon.
You visited 1 branch of the dungeon, and saw 3 of its levels.

You collected 94 gold pieces.

Inventory:

Hand Weapons
 a - the +9 hand axe "Giantbane" (weapon) {freeze, rElec Stlth+}
   (You found it on level 2 of the Dungeon)

   rElec:     It insulates you from electricity.
   Stlth:     It makes you more stealthy.
 b - a +0 long sword
Missiles
 g - 14 stones (quivered)
Armour
 c - a +0 buckler (worn)
 k - a +0 helmet (worn)
 m - a +0 pair of boots (worn)
 p - a +0 chain mail (worn)
Jewellery
 f - a ring of willpower (left hand)
Scrolls
 e - a scroll of fog
 j - a scroll of brand weapon {unknown}
 o - a scroll of blinking
Potions
 h - a potion of ambrosia {unknown}
 i - a potion of degeneration {unknown}
 l - a potion of haste {unknown}


   Skills:
 + Level 3.6 Fighting
 - Level 3.0 Long Blades
 * Level 0.3 Axes
 - Level 4.0 Armour
 * Level 2.5 Dodging
 + Level 1.0 Stealth
 - Level 4.0 Shields


You had 3 spell levels left.
You didn't know any spells.
Your spell library was empty.

Dungeon Overview and Level Annotations

Branches:
Dungeon (3/15) Zot: 1197

Altars:


Innate Abilities, Weirdness & Mutations

You passively map a small area around you.
You are easily found by Zot.
You glow in the dark.
You regain HP and MP as you explore.


Message History

Found 11 gold pieces.
You now have 94 gold pieces (gained 11).
An adder comes into view.
The adder hisses angrily.
A gnoll comes into view. It is wielding a +0 halberd.
The gnoll shouts!
You slash the adder!
The adder seems to slow down.
You freeze the adder.
The adder is severely wounded.
The adder bites you but does no damage.
You miss the adder.
The adder is severely wounded.
The adder bites you.
You are poisoned.
The adder poisons you! The adder bites you but does no damage.
You slash the adder!
The adder seems to slow down.
You freeze the adder.
You kill the adder!
You feel sick.
A gnoll comes into view. It is wielding a +0 flail.
Your Stealth skill increases to level 1!
You feel sick.
The gnoll shouts!
The gnoll hits you from afar with a +0 halberd!
You see here an adder corpse.
You feel sick.
A gnoll comes into view. It is wielding a +0 club.
A gnoll comes into view. It is wielding a +0 spear.
The gnoll hits you with a +0 halberd.
You barely miss the gnoll.
You feel sick.
You are no longer poisoned.
The gnoll shouts! x2
The gnoll hits you with a +0 halberd.
You hit the gnoll. You freeze the gnoll.
The gnoll is moderately wounded.
The gnoll hits you with a +0 halberd!
* * * LOW HITPOINT WARNING * * *
You block the gnoll's attack.
Unknown command.
You feel very mighty all of a sudden. The gnoll hits you with a +0 halberd!
You die...

*
,#.#.##
#.#..#
#.#.##
#.#.#
#.#.# *
#.#.#
,#.#.#
#†#<# *
#@### *
#g# ,,
#g# .g.
,* ,
g..,* ,
..... ,
.P...*
, ,
...P..#
, ,


You could see 4 gnolls.

Vanquished Creatures
  4 adders
  A gnoll (D:1)
  3 dart slugs (D:1)
  2 bats (D:1)
  4 endoplasms
  A giant cockroach (D:1)
  3 goblins
  3 hobgoblins
  A quokka (D:1)
  2 frilled lizards
  2 kobolds (D:2)
  3 rats
29 creatures vanquished.

Vanquished Creatures (others)
  A plant (D:3)
1 creature vanquished.

Grand Total: 30 creatures vanquished

Notes
Turn   | Place    | Note
-------+----------+-------------------------------------------
     0 | D:1      | tilp the Meteoran Fighter began the quest for the Orb.
     0 | D:1      | Reached XP level 1. HP: 19/19 MP: 2/2
   121 | D:1      | Reached XP level 2. HP: 18/26 MP: 3/3
   166 | D:1      | Reached skill level 1 in Dodging
   210 | D:1      | Reached XP level 3. HP: 31/31 MP: 4/4
   350 | D:2      | Reached XP level 4. HP: 38/38 MP: 5/5
   470 | D:2      | Identified the +9 hand axe "Giantbane" {freeze, rElec
                  | Stlth+}
   569 | D:3      | Reached skill level 1 in Stealth
   573 | D:3      | Slain by a gnoll

Illustrated notes

Levels and vault maps discovered:
D:1:      psy_arrival_spokes, layout_basic, serial_aquarium,
          aquarium_bridge_long_separate [aquarium_subvault_window,
          aquarium_subvault_wall, aquarium_subvault_bridge,
          aquarium_subvault_wall, aquarium_subvault_bridge,
          aquarium_subvault_bridge], aquarium_window_1, aquarium_window_1,
          aquarium_view_2f, aquarium_view_2a, minmay_pentomino_t2
D:2:      layout_loops_ring, corner_web_ring, corexii_hall_statues_i,
          amethyst_killhole
D:3:      cheibrodos_old_hovel, layout_basic, nicolae_grassy_gnolls,
          uniq_terence

Skill      XL: |  1  2  3  4 |
---------------+-------------+-----
Dodging        | 1 2 |  2.5
Armour         | 4 |  4.0
Shields        | 4 |  4.0
Long Blades    | 3 |  3.0
Stealth        | 1 |  1.0
Fighting       | |  3.6
Axes           | |  0.3

Action                     |  1- 3 |  4- 6 || total
---------------------------+-------+-------++-------
  Melee: Long sword        |    51 |    30 ||    81
         Hand axe          |       |     5 ||     5
  Throw: Stone             |     4 |       ||     4
    Use: Scroll            |       |     2 ||     2
         Potion            |       |     1 ||     1
 Armour: Scale mail        |    22 |    17 ||    39
         Chain mail        |       |     2 ||     2
  Dodge: Dodged            |    19 |    18 ||    37
  Block: Buckler           |     8 |    10 ||    18

Table legend: (Time is in decaauts)
 A = Elapsed time spent in this place.
 B = Non-inter-level travel time spent in this place.
 C = Inter-level travel time spent in this place.
 D = Time resting spent in this place.
 E = Time spent auto-exploring this place.
 F = Levels seen in this place.
 G = Mean time per level.
                   A        B        C        D        E       F      G
               +--------+--------+--------+--------+--------+-----+--------+
         Total |    601 |    576 |     25 |      0 |      0 |   3 |  200.3 |
       Dungeon |    601 |    576 |     25 |      0 |      0 |   3 |  200.3 |
               +--------+--------+--------+--------+--------+-----+--------+

Top non-repeatable levels by time:
     D:1: 284 daAuts
     D:2: 256 daAuts
     D:3: 60 daAuts
